cohdb
Replays
Latest Replays
All Replays
Popular Replays
Top Player Replays
Match Explorer
How It Works
Community
CoH3 Stats
Reddit
Sign in to upload your games and track your stats! →
Sign in with Steam
Match 40553733
Unlisted
Match 40553733
Overview
Messages
Build Orders
End
Kradschützen Motorcycle Team
Panzergrenadier Squad
Panzergrenadier Squad
Construct Light Support Kompanie
MG34 Team
Construct Mechanized Kompanie
Support Armor Elements
Selects Italian Infantry
Selects Guastatori Squad
Guastatori Squad
Pak 38 Mechanized Group
StuG III D Assault Gun
Selects Sound the Alarm
Construct Panzerarmee Kommand
Pak 38 Anti-tank Gun Team
Selects Registered Artillery
Veteran Squad Leaders
Sound the Alarm
2.5-tonne Medical Truck
Selects Towed Cannone da 105/28 Field Howitzer
Towed Cannone da 105/28 Field Howitzer
Registered Artillery
Armored Reserves
Registered Artillery
StuG Assault Group
Selects Prepared Positions
Selects Obice 305mm Barrage
Selects Obice 305mm Barrage
Obice 305mm Barrage
Panzergrenadier Squad
Registered Artillery
Registered Artillery
Obice 305mm Barrage
Panzer IV Assault Group
Registered Artillery
2.5-tonne Medical Truck
Panzergrenadier Squad
Panzer IV Assault Group
Saueee
4-in-1 Petrol lawnmower
MatioS
Zbirga
0
0
Comments
sign in to comment!
No comments posted yet!